 Dungeon Crawl Stone Soup version 0.19.1-1-g22dce08 (webtiles) character file.

193 Jynx the Sneak (level 5, -4/35 HPs)
             Began as a Vampire Enchanter on Jan 9, 2017.
             Slain by a gnoll
             ... wielding a +0 halberd
              (12 damage)
             ... on level 3 of the Dungeon.
             The game lasted 00:04:14 (3422 turns).

Jynx the Sneak (Vampire Enchanter)                  Turns: 3422, Time: 00:04:14

Health: -4/35      AC:  2    Str:  7    XL:     5   Next: 43%
Magic:  4/8        EV: 13    Int: 22    God:
Gold:   83         SH:  0    Dex: 15    Spells: 3 memorised, 2 levels left

rFire  . . .     SeeInvis +     a - +1 dagger
rCold  + . .     Gourm    .     n - +0 robe {Archmagi}
rNeg   + + .     Faith    .     (no shield)
rPois  +         Spirit   .     (no helmet)
rElec  .         Reflect  .     (no cloak)
rCorr  .         Harm     .     (no gloves)
MR     .....                    (no boots)
Stlth  +++++.....               (no amulet)
                                (no ring)
                                l - +4 ring of intelligence

@: very slightly contaminated, regenerating slowly
A: fangs 3, see invisible, unbreathing
a: Bat Form


You were on level 3 of the Dungeon.
You were near bloodless.

You visited 1 branch of the dungeon, and saw 3 of its levels.

You collected 83 gold pieces.

Inventory:

Hand Weapons
 a - a +1 dagger (weapon)
Armour
 n - a +0 robe of the Archmagi (worn)
Jewellery
 l - a +4 ring of intelligence (left hand)
Scrolls
 b - a scroll of recharging {unknown}
 e - 2 scrolls of enchant armour {unknown}
 f - 3 scrolls of remove curse {unknown}
 g - a scroll of teleportation {unknown}
 j - 2 scrolls of amnesia {unknown}
 k - a scroll of identify {unknown}
 m - a scroll of fear {unknown}
 o - a scroll of fog {unknown}
Potions
 h - a potion of cure mutation {unknown}
 i - 2 potions of heal wounds {unknown}
Books
 c - a book of Maledictions

   Spells                             Type                      Level
   a - Corona                         Hexes                        1
   b - Ensorcelled Hibernation        Hexes/Ice                    2
   c - Confuse                        Hexes                        3
   d - Tukima's Dance                 Hexes                        3
   e - Dazzling Spray                 Conjuration/Hexes            3


   Skills:
 + Level 2.9 Short Blades
 - Level 2.1 Dodging
 * Level 7.5 Stealth
 - Level 2.0 Spellcasting
 + Level 5.9 Hexes


You had 2 spell levels left.
You knew the following spells:

 Your Spells              Type           Power        Failure   Level  Hunger
a - Corona                Hex            #####..      1%          1    #......
b - Ensorcelled Hibernat  Hex/Ice        ###...       10%         2    ##.....
c - Confuse               Hex            #####...     4%          3    ###....


Dungeon Overview and Level Annotations

Branches:
Dungeon (3/15)

Altars:


Innate Abilities, Weirdness & Mutations

You heal slowly.
You have razor-sharp teeth.
You have supernaturally acute eyesight. (SInv)
You can survive without breathing.


Message History

Press: ? - help, Shift-Dir - straight line, f - gnoll
Aim: a gnoll, wielding a halberd (chance to defeat MR: 61%)
You feel a surge of power!
You miscast Ensorcelled Hibernation.
You are very lightly contaminated with residual magic.
Frost spreads across the stone staircase leading up.
You feel almost devoid of blood!
The gnoll hits you from afar with a halberd!
The gnoll hits you with a halberd!
Casting: Ensorcelled Hibernation
Confirm with . or Enter, or press ? or * to list all spells.
Aiming: Ensorcelled Hibernation
Press: ? - help, Shift-Dir - straight line, f/p - gnoll
Aim: a gnoll, wielding a halberd (chance to defeat MR: 61%)
You feel a surge of power!
The gnoll resists with significant effort.
The gnoll barely misses you. The gnoll hits you with a halberd.
The gnoll hits you from afar with a halberd.
* * * LOW HITPOINT WARNING * * *
The gnoll hits you with a halberd!
You die...

########
######......######
.............ggg.#
#####.#####.####@#
#.# #.# #.# ###
#.# #.# #.#######
..###.#####.##
#.......#
.............#
#######.#
#.##..#####..# #.#
#.#...## #..# #.#
#......####..##
##.#
..............#
#..#


You could see 3 gnolls.

Vanquished Creatures
  An orc wizard (D:3)
  A bullfrog skeleton (D:3)
  A worker ant (D:3)
  A gnoll (D:3)
  3 adders
  3 oozes
  2 dart slugs (D:1)
  2 leopard geckos
  6 orcs (D:3)
  2 ball pythons
  2 giant cockroaches
  A goblin (D:2)
  7 hobgoblins
  6 jackals
  3 bats (D:1)
  3 frilled lizards
  2 kobolds (D:1)
  9 rats
55 creatures vanquished.

Notes
Turn   | Place    | Note
-------+----------+-------------------------------------------
     0 | D:1      | Jynx the Vampire Enchanter began the quest for the Orb.
     0 | D:1      | Reached XP level 1. HP: 13/13 MP: 3/3
   191 | D:1      | Reached skill level 5 in Stealth
   216 | D:1      | Reached XP level 2. HP: 15/19 MP: 5/5
   232 | D:1      | Learned a level 2 spell: Ensorcelled Hibernation
   715 | D:1      | Reached XP level 3. HP: 24/24 MP: 6/6
   870 | D:2      | Reached skill level 6 in Stealth
  1026 | D:2      | Reached skill level 5 in Hexes
  1349 | D:3      | Reached XP level 4. HP: 30/30 MP: 7/7
  2136 | D:3      | Reached skill level 7 in Stealth
  2136 | D:3      | Reached XP level 5. HP: 35/35 MP: 8/8
  2141 | D:3      | Learned a level 3 spell: Confuse
  3422 | D:3      | Slain by a gnoll

Skill      XL: |  1  2  3  4 |
---------------+-------------+-----
Stealth        | 5 6 7 |  7.5
Hexes          | 5 |  5.9
Short Blades   | 2 |  2.9
Dodging        | |  2.1
Spellcasting   | |  2.0

Action                   |  1- 3 |  4- 6 || total
-------------------------+-------+-------++-------
Melee: Dagger            |   119 |    83 ||   202
       Bite              |     7 |     6 ||    13
 Cast: Ensorcelled Hiber |     2 |    15 ||    17
 Stab: Sleeping          |    11 |    12 ||    23
  Eat: Corpse            |     3 |     3 ||     6
Armor: Robe              |    26 |     5 ||    31
Dodge: Dodged            |    69 |    66 ||   135
